 Dungeon Crawl Stone Soup version 0.29-a0-551-gffc1d7fb78 (webtiles) character file.

Game seed: 15214158643039315010

9 oldriver the Sneak (level 2, -1/25 HPs)
             Began as a Palentonga Delver on June 5, 2022.
             Slain by a jelly (2 damage)
             ... on level 4 of the Dungeon.
             The game lasted 00:01:28 (676 turns).

oldriver the Sneak (Palentonga Delver)               Turns: 676, Time: 00:01:28

Health: -1/25      AC: -7    Str: 15    XL:     2   Next: 6%
Magic:  2/2        EV:  9    Int: 10    God:
Gold:   18         SH:  0    Dex: 11    Spells: 1/1 levels left

rFire   . . .      SeeInvis +   a - +0 hand axe
rCold   . . .      Faith    .   (no shield)
rNeg    . . .      Spirit   .   b - +0 leather armour
rPois   .          Reflect  .   (no helmet)
rElec   .          Harm     .   (no cloak)
rCorr   .          Rampage  .   (no gloves)
Will    .....                   (no barding)
Stlth   ++........              (no amulet)
HPRegen 0.08/turn               (no ring)
MPRegen 0.08/turn               (no ring)

@: corroded
A: large, rugged brown scales 3, see invisible, deformed body, roll 1, armoured
tail, noise suppression
a: Rolling Charge


You were on level 4 of the Dungeon.
You visited 1 branch of the dungeon, and saw 2 of its levels.

You collected 18 gold pieces.

Inventory:

Hand Weapons
 a - a +0 hand axe (weapon)
Armour
 b - a +0 leather armour (worn)
Wands
 e - a wand of charming (1)
 g - a wand of digging (3)
Scrolls
 c - a scroll of fog
 d - a scroll of magic mapping
Potions
 f - a potion of might {unknown}
 h - 2 potions of mutation
 i - a potion of ambrosia {unknown}


   Skills:
 + Level 3.2 Fighting
 * Level 2.6 Axes
 - Level 1.5 Dodging
 - Level 3.3 Stealth


You had one spell level left.
You didn't know any spells.
Your spell library was empty.

Dungeon Overview and Level Annotations

Branches:
Dungeon (5/15)             Temple (0/1) D:4

Altars:

Annotations:
D:5 Blork the orc


Innate Abilities, Weirdness & Mutations

You are completely covered in rugged brown scales. (AC +3, +7% HP)
You have supernaturally acute eyesight. (SInv)
Armour fits poorly on your strangely shaped body.
You can roll at nearby foes to attack.
You have a long armoured tail.
You passively dampen the noise of your surroundings.


Message History

You hit the giant cockroach.
The giant cockroach is heavily wounded.
The giant cockroach bites you but does no damage.
You closely miss the giant cockroach.
You punch the giant cockroach, but do no damage.
The giant cockroach is heavily wounded.
The giant cockroach closely misses you. x2
You hit the giant cockroach.
You kill the giant cockroach!
There is a stone staircase leading down here.
i - a fuming black potion You now have 18 gold pieces (gained 14).
Found a staircase to the Ecumenical Temple.
An endoplasm and a giant cockroach come into view.
The jelly quivers.
The endoplasm hits you but does no damage.
You hit the endoplasm.
You kill the endoplasm!
You have reached level 2!
You hit the giant cockroach but do no damage.
You tail-slap the giant cockroach.
You kill the giant cockroach!
The jelly hits you but does no damage.
You barely miss the jelly. The jelly barely misses you.
The jelly hits you but does no damage.
You hit the jelly. The acid corrodes you!
Your hands burn!
The jelly is lightly wounded.
The jelly hits you.
You are splashed with acid!
You hit the jelly but do no damage. The acid corrodes you!
Your hands burn!
The jelly is lightly wounded.
The jelly barely misses you.
You hit the jelly but do no damage. The acid corrodes you!
Your hands burn!
The jelly is lightly wounded.
The jelly hits you.
You are splashed with acid!
* * * LOW HITPOINT WARNING * * *
You hit the jelly but do no damage.
Your hands burn!
* * * LOW HITPOINT WARNING * * *
The jelly is lightly wounded.
The jelly hits you.
You die...

.......# #.#......#
#.##.....### #### #
#.###..#.... ...###.#
#.#....#.... P...#.
#.#.#######. ## #...
#.#....#....
P#...#P.######.##.#.#.###
...>...J@.........#.#.#
.#...#P#####...####...#
## ## #.### ##.## #.#
##.#### #.# #...... #.#
#.##### #.# #.##### ..#
#.##... ### #.##...


You could see a jelly.

Vanquished Creatures
  2 endoplasms (D:4)
  5 giant cockroaches (D:4)
7 creatures vanquished.

Vanquished Creatures (others)
  2 plants (D:4)
2 creatures vanquished.

Grand Total: 9 creatures vanquished

Notes
Turn   | Place    | Note
-------+----------+-------------------------------------------
     0 | D:5      | oldriver the Palentonga Delver began the quest for the Orb.
     0 | D:5      | Reached XP level 1. HP: 19/19 MP: 1/1
    27 | D:5      | Noticed an iguana
    37 | D:5      | Noticed Blork the orc
    50 | D:5      | Gained mutation: Your body sometimes deteriorates upon
                  | taking damage. [potion of mutation]
    50 | D:5      | Gained mutation: You passively dampen the noise of your
                  | surroundings. [potion of mutation]
    50 | D:5      | Lost mutation: Your body sometimes deteriorates upon taking
                  | damage. [potion of mutation]
   289 | D:5      | Noticed a scorpion
   416 | D:4      | Noticed a jelly
   661 | D:4      | Found a staircase to the Ecumenical Temple.
   670 | D:4      | Reached XP level 2. HP: 25/25 MP: 2/2
   676 | D:4      | HP: 1/25 [acid (1)]
   676 | D:4      | Slain by a jelly

Illustrated notes

Levels and vault maps discovered:
D:4:      layout_loops_ring, minmay_temple_entry_gardened_gates,
          chequers_serial_rivers_micro_a, nicolae_grassy_gnolls
D:5:      layout_gridville, uniq_menkaure, uniq_blork_the_orc

Action                   || total
-------------------------++-------
Melee: Hand axe          ||    27
       Tailslap          ||     4
       Punch             ||     1
 Abil: Rolling Charge    ||     1
  Use: Potion            ||     2
       Scroll            ||     1
 Stab: Sleeping          ||     1
Armor: Leather armour    ||    14
Dodge: Dodged            ||     7

Table legend: (Time is in decaauts)
 A = Elapsed time spent in this place.
 B = Non-inter-level travel time spent in this place.
 C = Inter-level travel time spent in this place.
 D = Time resting spent in this place.
 E = Time spent auto-exploring this place.
 F = Levels seen in this place.
 G = Mean time per level.
                   A        B        C        D        E       F      G
               +--------+--------+--------+--------+--------+-----+--------+
         Total |    663 |    663 |      0 |    307 |     89 |   2 |  331.5 |
       Dungeon |    663 |    663 |      0 |    307 |     89 |   2 |  331.5 |
               +--------+--------+--------+--------+--------+-----+--------+

Top non-repeatable levels by time:
     D:4: 341 daAuts
     D:5: 321 daAuts
